AoeStats
← kpsu8366

Black Forest

503355878Analyzed
4v4 RM · 1mo ago on Aug 31, 2026· 34m 0s· 8 players
Game mode
Random Map
Map size
Large (8 player)
Population
200
Speed
Normal
Resources
Standard
Victory
Conquest
Starting age
Dark Age
Ending age
Imperial Age
RankedLock teamsTeams togetherTeam positionsShared explorationLock speedFull tech treeHidden civsTurbo modeCheats
Victory
Defeat
🇮🇳 Khmer · India
1006
+14
🇨🇳 Teutons · China
981
+15
🇨🇱 Turks · Chile
860
+20
🇹🇼 Sicilians · Taiwan
855
+32
🇨🇳 Bohemians · China
1002
-19
🇷🇺 Lithuanians · Russia
1000
-19
🇺🇸 Bulgarians · United States
928
-16
🇩🇪 Wu · Germany
882
-14
MoroseZeus50
0:31 Loom
12:05 Feudal Age
13:24 Wheelbarrow
12:46 Double-Bit Axe
12:48 Horse Collar
22:22 Castle Age
23:22 Hand Cart
24:25 Bow Saw
24:18 Heavy Plow
29:53 Imperial Age
28:59 Forging
28:57 Scale Barding Armor
29:10 Scale Mail Armor
30:11 Chain Barding Armor
30:53 Iron Casting
30:36 Chain Mail Armor
30:32 Squires
30:23 Gambesons
30:39 Arson
31:57 Crop Rotation
31:49 Husbandry
32:08 Bloodlines
33:14 Blast Furnace
33:00 Plate Barding Armor
32:57 Plate Mail Armor
33:30 Stirrups
34:01 Conscription
Ana Catalina
0:30 Loom
14:21 Feudal Age
14:51 Town Watch
16:24 Double-Bit Axe
18:05 Horse Collar
23:22 Castle Age
22:03 Stone Mining
22:10 Fletching
22:55 Gold Mining
25:38 Heavy Plow
27:35 Bodkin Arrow
27:40 Padded Archer Armor
27:51 Forging
30:13 Gold Shaft Mining
31:49 Leather Archer Armor
32:32 Red Cliffs Tactics
34:01 Bow Saw
shamannking1993
1:02 Loom
19:05 Feudal Age
20:33 Wheelbarrow
19:22 Man-at-Arms
20:38 Forging
20:21 Arson
23:59 Castle Age
22:00 Stone Mining
22:54 Gold Mining
23:43 Double-Bit Axe
23:41 Horse Collar
25:09 Hand Cart
25:25 Hand Cart
26:23 Hand Cart
26:02 Long Swordsman
30:31 Fletching
34:38 Imperial Age
kpsu8366
0:55 Loom
16:45 Feudal Age
21:04 Castle Age
20:21 Double-Bit Axe
23:26 Bow Saw
23:28 Padded Archer Armor
24:21 Leather Archer Armor
26:20 Chemistry
25:37 Fletching
*Lord*
2:07 Loom
14:20 Feudal Age
19:17 Castle Age
17:22 Double-Bit Axe
20:59 Bow Saw
20:31 Horse Collar
28:35 Fortified Wall
29:31 Fletching
30:11 Ballistics
31:05 Wheelbarrow
32:50 Bodkin Arrow
33:13 Heavy Plow
33:48 Hand Cart
33:55 Forging
Alfakong
0:35 Loom
16:24 Feudal Age
17:06 Gold Mining
17:04 Double-Bit Axe
22:39 Castle Age
21:23 Horse Collar
23:41 Bow Saw
23:21 Town Watch
24:22 Gold Shaft Mining
30:54 Imperial Age
34:31 Heavy Plow
jingr
8:51 Loom
10:57 Feudal Age
12:20 Wheelbarrow
11:33 Double-Bit Axe
11:43 Town Watch
13:31 Horse Collar
21:21 Castle Age
22:03 Squires
22:23 Bow Saw
22:59 Heavy Plow
26:58 Hand Cart
29:39 Town Patrol
30:21 Crossbowman
31:18 Gold Mining
31:18 Stone Mining
32:33 Fletching
32:54 Forging
34:20 Murder Holes
34:46 Ballistics
36:59 Imperial Age
西装老头
0:27 Loom
11:08 Feudal Age
18:22 Castle Age
17:50 Double-Bit Axe
21:37 Town Watch
26:23 Wheelbarrow
26:15 Bow Saw
25:49 Horse Collar
31:44 Imperial Age
29:38 Fortified Wall
29:50 Ballistics
31:20 Town Patrol
32:47 Conscription
33:30 Chemistry
33:00 Heavy Plow
33:14 Squires
32:37 Cavalier
33:30 Bloodlines
33:15 Gold Mining
33:15 Stone Mining
33:35 Siege Engineers
34:03 Hand Cart
Connection lost

Rejoining the realm…

Still unreachable

The connection could not be restored.

Session expired

The server has moved on; the page needs a fresh start.